| TOP OF THE 1ST |
|
West Virginia Power batting - Pitching for Greensboro Grasshoppers : RHP Tim Barnett
|
|
Pitching: RHP Tim Barnett
|
|
|
Batting: LHB Micah Boshnjaku
|
0-0: Ball 1-0: Ball 2-0: Ball 3-0: Base on Balls
|
|
Batting: RHB Ron Corn
|
0-0: Ball 1-0: Called Strike Micah Boshnjaku steals 2nd base (no throw) 1-1: Ball 2-1: SINGLE (Line Drive, 8RS, EV 86.3 MPH) Micah Boshnjaku to third
|
|
Batting: SHB Francisco Gutierrez
|
0-0: Called Strike 0-1: Ball 1-1: Called Strike Ron Corn steals 2nd base (no throw) 1-2: Ground out 4-3 (Groundball, 4, EV 84.4 MPH) Micah Boshnjaku scores Ron Corn to third
|
|
Batting: RHB Tom Primmer
|
0-0: Ball 1-0: Foul Ball, location: 2F 1-1: Ball 2-1: Foul Ball, location: 2F 2-2: Foul Ball, location: 2F 2-2: Ground out 6-3 (Groundball, 6S, EV 88.1 MPH) Ron Corn scores
|
|
Batting: RHB Jordan Robinson
|
0-0: Called Strike 0-1: Ball 1-1: DOUBLE (Line Drive, 89M, EV 98.8 MPH)
|
|
Batting: RHB Ted Goldblatt
|
0-0: Ball 1-0: Ball 2-0: Foul Ball, location: 2F 2-1: Reached via error on a dropped throw from 1B, E1 (Groundball, 34S, EV 79.4 MPH) Jordan Robinson to third
|
|
Batting: RHB Alfredo Medrano
|
0-0: Called Strike 0-1: Ball 1-1: Swinging Strike 1-2: Ball 2-2: Ball 3-2: Base on Balls Ted Goldblatt to second
|
|
Batting: RHB Pleun Smit
|
0-0: Called Strike 0-1: Swinging Strike 0-2: Strikes out looking
|
| Top of the 1st over - 2 runs, 2 hits, 1 error, 3 left on base; West Virginia 2 - Greensboro 0 |
| BOTTOM OF THE 1ST |
|
Greensboro Grasshoppers batting - Pitching for West Virginia Power : RHP Mike Rosen
|
|
Pitching: RHP Mike Rosen
|
|
|
Batting: RHB Tom Thompson
|
0-0: Swinging Strike 0-1: Ball 1-1: Ground out 6-3 (Groundball, 6, EV 106.9 MPH)
|
|
Batting: RHB Torquato Obawole
|
0-0: SINGLE (Groundball, 56D, EV 98.8 MPH)
|
|
Batting: RHB Isaiah Brockman
|
0-0: Foul Ball, location: 2F 0-1: Ball 1-1: Ball 2-1: Ball 3-1: Grounds into double play, 6-4-3 (Groundball, 6M, EV 89.4 MPH)
|
| Bottom of the 1st over - 0 runs, 1 hit, 0 errors, 0 left on base; West Virginia 2 - Greensboro 0 |
| TOP OF THE 2ND |
|
West Virginia Power batting - Pitching for Greensboro Grasshoppers : RHP Tim Barnett
|
|
Batting: RHB John Beiswenger
|
0-0: Fly out, F7 (Flyball, 78S, EV 75.0 MPH)
|
|
Batting: LHB Micah Boshnjaku
|
0-0: Ball 1-0: Ball 2-0: Ball 3-0: Called Strike 3-1: Base on Balls
|
|
Batting: RHB Ron Corn
|
0-0: Ball Micah Boshnjaku steals 2nd base 1-0: Ball 2-0: Ball 3-0: Called Strike 3-1: Swinging Strike 3-2: Fly out, F8 (Flyball, 8LM, EV 78.1 MPH)
|
|
Batting: SHB Francisco Gutierrez
|
0-0: Called Strike 0-1: Ball 1-1: Foul Ball, location: 2F 1-2: Foul Ball, location: 2F 1-2: Ball 2-2: 2-RUN HOME RUN (Flyball, 9LD, EV 92.5 MPH), Distance : 348 ft
|
|
Batting: RHB Tom Primmer
|
0-0: Called Strike 0-1: Ball 1-1: Fly out, F7 (Line Drive, 7, EV 86.9 MPH)
|
| Top of the 2nd over - 2 runs, 1 hit, 0 errors, 0 left on base; West Virginia 4 - Greensboro 0 |
| BOTTOM OF THE 2ND |
|
Greensboro Grasshoppers batting - Pitching for West Virginia Power : RHP Mike Rosen
|
|
Batting: RHB Jake Shelton
|
0-0: Ball 1-0: Called Strike 1-1: Called Strike 1-2: Strikes out swinging
|
|
Batting: RHB Boof Howell
|
0-0: Swinging Strike 0-1: Foul Ball, location: 2F 0-2: Ball 1-2: Ball 2-2: Strikes out looking
|
|
Batting: RHB Masumitsu Sugiura
|
0-0: Ball 1-0: Ball 2-0: Ball 3-0: Called Strike 3-1: Ground out 1-3 (Groundball, 15S, EV 66.3 MPH)
|
| Bottom of the 2nd over - 0 runs, 0 hits, 0 errors, 0 left on base; West Virginia 4 - Greensboro 0 |
| TOP OF THE 3RD |
|
West Virginia Power batting - Pitching for Greensboro Grasshoppers : RHP Tim Barnett
|
|
Batting: RHB Jordan Robinson
|
0-0: Foul Ball, location: 2F 0-1: Foul Ball, location: 2F 0-2: Ball 1-2: SOLO HOME RUN (Flyball, 7LD, EV 96.3 MPH), Distance : 342 ft
|
|
Pitching: RHP Reinaart Meyer
|
|
|
Batting: RHB Ted Goldblatt
|
0-0: Ball 1-0: Called Strike 1-1: Ball 2-1: SINGLE (Line Drive, 34D, EV 105.0 MPH)
|
|
Batting: RHB Alfredo Medrano
|
0-0: Ball 1-0: Called Strike 1-1: Swinging Strike 1-2: Foul Ball, location: 2F 1-2: Hit by Pitch Ted Goldblatt to second
|
|
Batting: RHB Pleun Smit
|
0-0: Called Strike 0-1: Ball 1-1: Foul Ball, location: 2F 1-2: Foul Ball, location: 2F 1-2: Ball 2-2: Fly out, F4 (Flyball, 4D, EV 88.1 MPH)
|
|
Batting: RHB John Beiswenger
|
0-0: Ball 1-0: Foul Ball, location: 2F 1-1: Called Strike 1-2: Strikes out swinging
|
|
Batting: LHB Micah Boshnjaku
|
0-0: SINGLE (Line Drive, 89S, EV 106.3 MPH) Ted Goldblatt to third Alfredo Medrano to second Runner from 3rd tries for Home, SAFE, throw by CF to home
|
|
Batting: RHB Ron Corn
|
0-0: Ball 1-0: Ball 2-0: Called Strike 2-1: Called Strike 2-2: Strikes out swinging
|
| Top of the 3rd over - 2 runs, 3 hits, 0 errors, 2 left on base; West Virginia 6 - Greensboro 0 |
| BOTTOM OF THE 3RD |
|
Greensboro Grasshoppers batting - Pitching for West Virginia Power : RHP Mike Rosen
|
|
Batting: RHB Jordan Arcidez
|
0-0: Swinging Strike 0-1: Called Strike 0-2: Ball 1-2: Ball 2-2: Strikes out swinging
|
|
Batting: RHB Bob Raine
|
0-0: Swinging Strike 0-1: SINGLE (Groundball, 56D, EV 105.0 MPH)
|
|
Batting: RHB Wei-guo Tsu
|
0-0: Called Strike 0-1: Ball 1-1: Ball 2-1: Called Strike 2-2: Strikes out swinging
|
|
Batting: RHB Tom Thompson
|
0-0: Swinging Strike 0-1: Ball 1-1: Ball 2-1: Foul Ball, location: 2F 2-2: Foul Ball, location: 2F 2-2: Strikes out swinging
|
| Bottom of the 3rd over - 0 runs, 1 hit, 0 errors, 1 left on base; West Virginia 6 - Greensboro 0 |
| TOP OF THE 4TH |
|
West Virginia Power batting - Pitching for Greensboro Grasshoppers : RHP Reinaart Meyer
|
|
Batting: SHB Francisco Gutierrez
|
0-0: Foul Ball, location: 2F 0-1: Ball 1-1: Called Strike 1-2: Foul Ball, location: 2F 1-2: Ball 2-2: Ground out 5-3 (Groundball, 56S, EV 90.6 MPH)
|
|
Batting: RHB Tom Primmer
|
0-0: Foul Ball, location: 2F 0-1: Ball 1-1: Foul Ball, location: 2F 1-2: Foul Ball, location: 2F 1-2: Ground out 5-3 (Groundball, 56, EV 109.4 MPH)
|
|
Batting: RHB Jordan Robinson
|
0-0: Foul Ball, location: 2F 0-1: Ball 1-1: Swinging Strike 1-2: Strikes out swinging
|
| Top of the 4th over - 0 runs, 0 hits, 0 errors, 0 left on base; West Virginia 6 - Greensboro 0 |
| BOTTOM OF THE 4TH |
|
Greensboro Grasshoppers batting - Pitching for West Virginia Power : RHP Mike Rosen
|
|
Batting: RHB Torquato Obawole
|
0-0: Called Strike 0-1: Called Strike 0-2: Ball 1-2: Ground out 5-3 (Groundball, 5, EV 83.1 MPH)
|
|
Batting: RHB Isaiah Brockman
|
0-0: Ball 1-0: Ball 2-0: Swinging Strike 2-1: SINGLE (Line Drive, 7LM, EV 108.1 MPH)
|
|
Batting: RHB Jake Shelton
|
0-0: Called Strike 0-1: Ball 1-1: Fielders Choice at 2nd, 3-6 (Groundball, 34S, EV 85.6 MPH)
|
|
Batting: RHB Boof Howell
|
0-0: Called Strike Jake Shelton steals 2nd base 0-1: Called Strike 0-2: Ball 1-2: Ground out U3 (Groundball, 34S, EV 88.1 MPH)
|
| Bottom of the 4th over - 0 runs, 1 hit, 0 errors, 1 left on base; West Virginia 6 - Greensboro 0 |
| TOP OF THE 5TH |
|
West Virginia Power batting - Pitching for Greensboro Grasshoppers : RHP Reinaart Meyer
|
|
Batting: RHB Ted Goldblatt
|
0-0: Ball 1-0: Ball 2-0: Foul Ball, location: 2F 2-1: Ball 3-1: Swinging Strike 3-2: Foul Ball, location: 2F 3-2: Fly out, F8 (Line Drive, 8RD, EV 110.0 MPH)
|
|
Batting: RHB Alfredo Medrano
|
0-0: Ball 1-0: Ball 2-0: Foul Ball, location: 2F 2-1: Called Strike 2-2: Ground out 6-3 (Groundball, 6, EV 103.8 MPH)
|
|
Batting: RHB Pleun Smit
|
0-0: Ball 1-0: Called Strike 1-1: Ground out 6-3 (Groundball, 6, EV 105.6 MPH)
|
| Top of the 5th over - 0 runs, 0 hits, 0 errors, 0 left on base; West Virginia 6 - Greensboro 0 |
| BOTTOM OF THE 5TH |
|
Greensboro Grasshoppers batting - Pitching for West Virginia Power : RHP Mike Rosen
|
|
Pitching: RHP Travis Luckett
|
|
|
Batting: RHB Masumitsu Sugiura
|
0-0: Called Strike 0-1: Ball 1-1: Ball 2-1: Foul Ball, location: 2F 2-2: Ball 3-2: Ground out 5-3 (Groundball, 56, EV 83.8 MPH)
|
|
Batting: RHB Jordan Arcidez
|
0-0: Called Strike 0-1: Foul Ball, location: 2F 0-2: Ball 1-2: Foul Ball, location: 2F 1-2: Foul Ball, location: 2F 1-2: Ball 2-2: Strikes out swinging
|
|
Batting: RHB Bob Raine
|
0-0: Called Strike 0-1: Foul Ball, location: 2F 0-2: Foul Ball, location: 2F 0-2: Strikes out swinging
|
| Bottom of the 5th over - 0 runs, 0 hits, 0 errors, 0 left on base; West Virginia 6 - Greensboro 0 |
| TOP OF THE 6TH |
|
West Virginia Power batting - Pitching for Greensboro Grasshoppers : RHP Reinaart Meyer
|
|
Batting: RHB John Beiswenger
|
0-0: Ball 1-0: Swinging Strike 1-1: Ground out 5-3 (Groundball, 56, EV 78.1 MPH)
|
|
Pitching: RHP Marco Quezada
|
|
|
Batting: LHB Micah Boshnjaku
|
0-0: Ball 1-0: Foul Ball, location: 2F 1-1: Fly out, F8 (Line Drive, 8RM, EV 98.8 MPH)
|
|
Batting: RHB Ron Corn
|
0-0: Ball 1-0: Called Strike 1-1: Fly out, F8 (Flyball, 78S, EV 84.4 MPH)
|
| Top of the 6th over - 0 runs, 0 hits, 0 errors, 0 left on base; West Virginia 6 - Greensboro 0 |
| BOTTOM OF THE 6TH |
|
Greensboro Grasshoppers batting - Pitching for West Virginia Power : RHP Travis Luckett
|
|
Batting: RHB Wei-guo Tsu
|
0-0: Called Strike 0-1: Ball 1-1: Ball 2-1: Foul Ball, location: 2F 2-2: Foul Ball, location: 2F 2-2: Hit by Pitch
|
|
Batting: RHB Tom Thompson
|
0-0: Ball 1-0: Ball 2-0: Called Strike 2-1: Called Strike 2-2: Foul Ball, location: 2F 2-2: Strikes out looking
|
|
Batting: RHB Torquato Obawole
|
0-0: Called Strike 0-1: Ball 1-1: Swinging Strike 1-2: Strikes out swinging
|
|
Batting: RHB Isaiah Brockman
|
0-0: Called Strike 0-1: Ball 1-1: Called Strike 1-2: Ball 2-2: Foul Ball, location: 2F 2-2: Ball 3-2: Foul Ball, location: 2F 3-2: Foul Ball, location: 2F 3-2: Ground out 4-3 (Groundball, 4, EV 85.6 MPH)
|
| Bottom of the 6th over - 0 runs, 0 hits, 0 errors, 1 left on base; West Virginia 6 - Greensboro 0 |
| TOP OF THE 7TH |
|
West Virginia Power batting - Pitching for Greensboro Grasshoppers : RHP Marco Quezada
|
|
Batting: SHB Francisco Gutierrez
|
0-0: Called Strike 0-1: Foul Ball, location: 2F 0-2: Ball 1-2: Foul Ball, location: 2F 1-2: Fly out, F7 (Line Drive, 7, EV 93.1 MPH)
|
|
Batting: RHB Tom Primmer
|
0-0: Ball 1-0: Foul Ball, location: 2F 1-1: Foul Ball, location: 2F 1-2: Foul Ball, location: 2F 1-2: Ball 2-2: Foul Ball, location: 2F 2-2: SINGLE (Line Drive, 56D, EV 99.4 MPH)
|
|
Batting: RHB Jordan Robinson
|
0-0: Ball 1-0: Called Strike Tom Primmer steals 2nd base 1-1: Ball 2-1: Ball 3-1: Base on Balls
|
|
Batting: RHB Ted Goldblatt
|
0-0: Ball 1-0: Ball 2-0: Ball 3-0: Called Strike 3-1: Base on Balls Tom Primmer to third Jordan Robinson to second
|
|
Batting: RHB Alfredo Medrano
|
0-0: Foul Ball, location: 2F 0-1: Fielders Choice at 2nd, 6-4 (Groundball, 6, EV 102.5 MPH) Tom Primmer scores Jordan Robinson to third
|
|
Batting: RHB Pleun Smit
|
0-0: Ball 1-0: Called Strike Alfredo Medrano is caught stealing 2nd base 2-4
|
| Top of the 7th over - 1 run, 1 hit, 0 errors, 1 left on base; West Virginia 7 - Greensboro 0 |
| BOTTOM OF THE 7TH |
|
Greensboro Grasshoppers batting - Pitching for West Virginia Power : RHP Travis Luckett
|
|
Batting: RHB Jake Shelton
|
0-0: Foul Ball, location: 2F 0-1: Ball 1-1: Foul Ball, location: 2F 1-2: Ground out U3 (Groundball, 3, EV 83.8 MPH)
|
|
Batting: RHB Boof Howell
|
0-0: SINGLE (Groundball, 34D, EV 100.0 MPH)
|
|
Pitching: RHP R.J. Barr
|
|
|
Batting: RHB Masumitsu Sugiura
|
0-0: Called Strike 0-1: Ball 1-1: Foul Ball, location: 2F 1-2: Ground out U3 (Groundball, 3S, EV 68.8 MPH) Boof Howell to second
|
|
Batting: RHB Jordan Arcidez
|
0-0: Called Strike 0-1: Foul Ball, location: 2F 0-2: Ball 1-2: Foul Ball, location: 2F 1-2: Ground out 6-3 (Groundball, 6, EV 87.5 MPH)
|
| Bottom of the 7th over - 0 runs, 1 hit, 0 errors, 1 left on base; West Virginia 7 - Greensboro 0 |
| TOP OF THE 8TH |
|
West Virginia Power batting - Pitching for Greensboro Grasshoppers : RHP Marco Quezada
|
|
Batting: RHB Pleun Smit
|
0-0: Called Strike 0-1: Called Strike 0-2: Ball 1-2: Ball 2-2: Strikes out swinging
|
|
Batting: RHB John Beiswenger
|
0-0: Ground out 6-3 (Groundball, 6, EV 100.6 MPH)
|
|
Batting: LHB Micah Boshnjaku
|
0-0: Called Strike 0-1: SINGLE (Line Drive, 3D, EV 102.5 MPH)
|
|
Batting: RHB Ron Corn
|
0-0: Ball Micah Boshnjaku steals 2nd base 1-0: Ball 2-0: Called Strike 2-1: SINGLE (Line Drive, 78S, EV 88.8 MPH) Micah Boshnjaku to third Runner from 3rd tries for Home, SAFE, throw by LF to home
|
|
Batting: SHB Francisco Gutierrez
|
0-0: Ball Ron Corn steals 2nd base (no throw) 1-0: Called Strike 1-1: Foul Ball, location: 2F 1-2: Ball 2-2: Ground out 4-3 (Groundball, 34, EV 77.5 MPH)
|
| Top of the 8th over - 1 run, 2 hits, 0 errors, 1 left on base; West Virginia 8 - Greensboro 0 |
| BOTTOM OF THE 8TH |
|
Greensboro Grasshoppers batting - Pitching for West Virginia Power : RHP R.J. Barr
|
|
Batting: RHB Bob Raine
|
0-0: Ground out 5-3 (Groundball, 56, EV 77.5 MPH)
|
|
Batting: RHB Wei-guo Tsu
|
0-0: Ball 1-0: Ball 2-0: Ball 3-0: Foul Ball, location: 2F 3-1: Called Strike 3-2: Foul Ball, location: 2F 3-2: Foul Ball, location: 2F 3-2: Foul Ball, location: 2F 3-2: DOUBLE (Line Drive, 7LM, EV 94.4 MPH)
|
|
Batting: RHB Tom Thompson
|
0-0: Called Strike 0-1: Ball 1-1: Ball 2-1: Ball 3-1: Fly out, F7 (Line Drive, 7, EV 91.3 MPH)
|
|
Batting: RHB Torquato Obawole
|
0-0: Foul Ball, location: 2F 0-1: Swinging Strike 0-2: Ball 1-2: Strikes out swinging
|
| Bottom of the 8th over - 0 runs, 1 hit, 0 errors, 1 left on base; West Virginia 8 - Greensboro 0 |
| TOP OF THE 9TH |
|
West Virginia Power batting - Pitching for Greensboro Grasshoppers : RHP Marco Quezada
|
|
Batting: RHB Tom Primmer
|
0-0: Ball 1-0: Foul Ball, location: 2F 1-1: SINGLE (Line Drive, 34D, EV 100.0 MPH)
|
|
Pitching: LHP Nick Gore
|
|
|
Batting: RHB Jordan Robinson
|
0-0: Ball Pickoff Throw by Catcher to First - Out! 1-0: Called Strike 1-1: Ball 2-1: Ball 3-1: Base on Balls
|
|
Batting: RHB Ted Goldblatt
|
0-0: Ball 1-0: Called Strike 1-1: Ball 2-1: Ball 3-1: Base on Balls Jordan Robinson to second
|
|
Batting: RHB Alfredo Medrano
|
0-0: Called Strike 0-1: Ball 1-1: Ball 2-1: Ball 3-1: Base on Balls Jordan Robinson to third Ted Goldblatt to second
|
|
Batting: RHB Pleun Smit
|
0-0: Called Strike 0-1: Ball 1-1: Ball 2-1: Ball 3-1: Swinging Strike 3-2: Base on Balls Jordan Robinson scores Ted Goldblatt to third Alfredo Medrano to second
|
|
Batting: RHB John Beiswenger
|
0-0: Ball 1-0: Ball 2-0: Ball 3-0: Called Strike 3-1: Foul Ball, location: 2F 3-2: Reached via error on a dropped throw from 3B, E4 (Groundball, 56, EV 86.3 MPH) Ted Goldblatt scores Alfredo Medrano to third Pleun Smit to second
|
|
Batting: LHB Micah Boshnjaku
|
0-0: Called Strike 0-1: Called Strike 0-2: Strikes out swinging
|
|
Batting: RHB Ron Corn
|
0-0: Foul Ball, location: 2F 0-1: Ball 1-1: Called Strike 1-2: Fly out, F8 (Line Drive, 8RD, EV 89.4 MPH)
|
| Top of the 9th over - 2 runs, 1 hit, 1 error, 3 left on base; West Virginia 10 - Greensboro 0 |
| BOTTOM OF THE 9TH |
|
Greensboro Grasshoppers batting - Pitching for West Virginia Power : RHP R.J. Barr
|
|
Batting: RHB Isaiah Brockman
|
0-0: Foul Ball, location: 2F 0-1: Called Strike 0-2: Ball 1-2: SINGLE (Flyball, 78S, EV 94.4 MPH)
|
|
Batting: RHB Jake Shelton
|
0-0: Grounds into double play, 6-4-3 (Groundball, 56, EV 110.0 MPH)
|
|
Batting: RHB Boof Howell
|
0-0: Called Strike 0-1: Swinging Strike 0-2: Ball 1-2: Strikes out swinging
|
| Bottom of the 9th over - 0 runs, 1 hit, 0 errors, 0 left on base; West Virginia 10 - Greensboro 0 |
|